 Dungeon Crawl Stone Soup version 0.19-a0-1704-gbd66c22 (webtiles) character file.

2963 aronpayne the Ruffian (level 9, -11/89 HPs)
             Began as a Troll Monk on Sept 24, 2016.
             Was an Elder of Qazlal.
             Mangled by a wyvern (16 damage)
             ... on level 8 of the Dungeon on Sept 27, 2016.
             The game lasted 00:20:24 (5064 turns).

aronpayne the Ruffian (Troll Monk)                  Turns: 5064, Time: 00:20:25

Health: -11/89     AC: 11    Str: 24    XL:     9   Next: 52%
Magic:  11/11      EV:  9    Int:  6    God:    Qazlal [****..]
Gold:   315        SH: 22    Dex: 12    Spells: 0 memorised, 8 levels left

rFire  + . .     SeeInvis .       - Unarmed
rCold  + . .     Gourm    +     E - +1 robe {rC+ rF+}
rNeg   + . .     Faith    +     e - +2 large shield
rPois  .         Spirit   .     (helmet restricted)
rElec  .         Dismiss  .     n - +0 cloak
rCorr  .         Reflect  .     (gloves unavailable)
MR     .....     Harm     .     (boots unavailable)
Stlth  +.........               I - amulet of faith
                                p - +3 ring of protection
                                A - ring of positive energy

@: repel missiles
A: unfitting armour, claws 3, fast metabolism 3, gourmand, regeneration 1,
shaggy fur 1, tough skin 2
a: Upheaval, Elemental Force, Renounce Religion


You were on level 8 of the Dungeon.
You worshipped Qazlal.
Qazlal was greatly pleased with you.
You were completely stuffed.

You visited 1 branch of the dungeon, and saw 8 of its levels.

You collected 333 gold pieces.
You spent 18 gold pieces at shops.

Inventory:

Armour
 e - a +2 large shield (worn)
 n - a +0 cloak (worn)
 E - a +1 robe of resistance (worn)
Jewellery
 o - a +3 ring of intelligence
 p - a +3 ring of protection (right claw)
 A - a ring of positive energy (left claw)
 I - an amulet of faith (around neck)
Wands
 r - a wand of slowing (33/48)
 B - a wand of lightning (6/15)
Scrolls
 a - a scroll of acquirement {unknown}
 d - 3 scrolls of fog
 f - 2 scrolls of enchant armour {unknown}
 g - 2 scrolls of amnesia
 l - 5 scrolls of teleportation {unknown}
 m - a scroll of fear {unknown}
 t - 3 scrolls of recharging {unknown}
 w - 3 scrolls of remove curse {unknown}
 x - 2 scrolls of blinking {unknown}
 y - a scroll of noise {unknown}
 D - a scroll of identify
 J - a scroll of brand weapon {unknown}
Potions
 c - a potion of heal wounds {unknown}
 h - 2 potions of flight {unknown}
 j - 3 potions of mutation {unknown}
 k - a potion of agility {unknown}
 q - 2 potions of brilliance {unknown}
 s - 2 potions of curing {unknown}
 u - 2 potions of resistance {unknown}
 v - 3 potions of degeneration {unknown}
 C - a potion of invisibility {unknown}
 F - 2 potions of haste {unknown}
Books
 K - a book of Flames

   Spells                             Type                      Level
   a - Flame Tongue                   Conjuration/Fire             1
   b - Throw Flame                    Conjuration/Fire             2
   c - Conjure Flame                  Conjuration/Fire             3
   d - Inner Flame                    Hexes/Fire                   3
   e - Sticky Flame                   Conjuration/Fire             4
   f - Fireball                       Conjuration/Fire             5
Comestibles
 b - 5 bread rations
 i - 3 meat rations
 z - 4 beef jerkies
 G - 12 chunks of flesh
 H - 5 fruits
 L - a slice of pizza


   Skills:
 + Level 5.7 Fighting
 + Level 5.2 Dodging
 - Level 1.1 Stealth
 + Level 5.0 Shields
 + Level 7.0 Unarmed Combat
 + Level 4.6 Invocations


You had 8 spell levels left.
You didn't know any spells.

Dungeon Overview and Level Annotations

Branches:
Dungeon (8/15)             Temple (0/1) D:6
   Lair: D:8-11

Altars:
Dithmenos
Gozag
Qazlal

Shops:
D:5 [   D:6 (

Annotations:
D:8 Soeti's ghost, novice DsFi


Innate Abilities, Weirdness & Mutations

You are too large for most types of armour.
You have claws for hands.
Your metabolism is lightning-fast.
You like to eat raw meat.
Your natural rate of healing is unusually fast.
You are covered in fur. (AC +1)
You have very tough skin. (AC +2)


Message History

You block Soeti's ghost's attack. The wyvern bites you!
* * * LOW HITPOINT WARNING * * *
The black bear closely misses you. You block the black bear's attack. x2
You claw the black bear!
The black bear is severely wounded.
You block the wyvern's attack. You block Soeti's ghost's attack.
You block the black bear's attack. The black bear barely misses you. x2
The wyvern bites you but does no damage.
You barely miss the black bear.
The black bear is severely wounded.
Soeti's ghost hits you!
* * * LOW HITPOINT WARNING * * *
The wyvern closely misses you. You block the black bear's attack.
The black bear claws you but does no damage.
You block the black bear's attack.
You can't see any clouds you can empower.
Your shield prevents you from hitting the black bear.
The black bear is severely wounded.
The wyvern bites you!
You die...

#. .# .. #.
## #. ..
...###.###>#
#...Zl.W.[#
#@# #h# #.#
#.# #.# #.#
#.# ... ##.


You could see a black bear, a wyvern, Soeti's ghost and an adder skeleton.

Vanquished Creatures
  Prince Ribbit (D:5)
  Sigmund (D:5)
  Menkaure (D:5)
  An orc warrior (D:6)
  2 black bears
  A phantom (D:4)
  A sky beast (D:7)
  2 ice beasts
  An ogre (D:5)
  3 centaurs
  Blork the orc (D:5)
  2 bullfrogs
  4 killer bees (D:7)
  5 wights (D:7)
  A howler monkey (D:5)
  A crimson imp (D:6)
  A bullfrog zombie (D:6)
  A hound (D:7)
  Crazy Yiuf (D:6)
  A jelly (D:5)
  4 orc priests
  2 centaur skeletons
  8 orc wizards
  An iguana (D:4)
  2 worker ants (D:7)
  A hound zombie (D:5)
  2 hound skeletons
  7 gnolls
  9 adders
  An ooze (D:3)
  An adder zombie (D:5)
  4 worms
  8 dart slugs
  A leopard gecko (D:1)
  20 orcs
  7 giant cockroaches
  5 goblins
  6 hobgoblins
  10 jackals
  5 kobolds
  5 bats
  2 frilled lizards
  A giant cockroach zombie (D:5)
  4 rats
148 creatures vanquished.

Notes
Turn   | Place    | Note
-------+----------+-------------------------------------------
     0 | D:1      | aronpayne the Troll Monk began the quest for the Orb.
     0 | D:1      | Reached XP level 1. HP: 22/22 MP: 0/0
   170 | D:1      | Reached XP level 2. HP: 29/29 MP: 1/1
   666 | D:2      | Reached skill level 1 in Shields
   666 | D:2      | Reached XP level 3. HP: 34/36 MP: 2/2
   809 | D:2      | Found a shadowy altar of Dithmenos.
   949 | D:2      | Found a faded altar of an unknown god.
  1115 | D:3      | Reached XP level 4. HP: 32/45 MP: 3/3
  1288 | D:3      | Found a stormy altar of Qazlal.
  1302 | D:3      | Became a worshipper of Qazlal Stormbringer
  1302 | D:3      | Reached * piety under Qazlal
  1302 | D:3      | Reached ** piety under Qazlal
  1473 | D:3      | Reached XP level 5. HP: 53/53 MP: 4/4
  1544 | D:4      | Noticed a phantom
  1595 | D:3      | Upgraded the game from 0.19-a0-1682-g5114f93 to 0.19-a0-1704-gbd66c22
  1801 | D:4      | Reached skill level 4 in Unarmed Combat
  2017 | D:4      | Killed a phantom
  2017 | D:4      | Reached XP level 6. HP: 61/61 MP: 2/5
  2151 | D:4      | Reached skill level 1 in Invocations
  2262 | D:5      | Entered Level 5 of the Dungeon
  2263 | D:5      | Noticed an ice beast
  2279 | D:5      | Noticed Prince Ribbit
  2298 | D:5      | Killed an ice beast
  2319 | D:5      | Killed Prince Ribbit
  2319 | D:5      | Reached XP level 7. HP: 46/70 MP: 4/7
  2367 | D:5      | Found an opulent altar of Gozag.
  2391 | D:5      | Reached skill level 5 in Unarmed Combat
  2417 | D:5      | Noticed Sigmund
  2418 | D:5      | Noticed Blork the orc
  2558 | D:5      | Killed Sigmund
  2695 | D:5      | Reached XP level 8. HP: 79/79 MP: 7/9
  2830 | D:5      | Killed Blork the orc
  2839 | D:5      | Found Humoplor's Antique Armour Emporium.
  2883 | D:5      | Bought an embroidered robe for 18 gold pieces
  3015 | D:5      | Noticed Menkaure
  3022 | D:5      | Killed Menkaure
  3235 | D:6      | Reached skill level 6 in Unarmed Combat
  3236 | D:6      | Found a staircase to the Ecumenical Temple.
  3432 | D:6      | Reached skill level 5 in Fighting
  3443 | D:6      | Reached *** piety under Qazlal
  3490 | D:6      | Found Xeken's Weapon Boutique.
  4032 | D:6      | Found a runed door.
  4036 | D:6      | Noticed Crazy Yiuf
  4041 | D:6      | Killed Crazy Yiuf
  4041 | D:6      | Reached XP level 9. HP: 85/88 MP: 11/11
  4535 | D:7      | Reached skill level 5 in Dodging
  4876 | D:7      | Reached **** piety under Qazlal
  4876 | D:7      | Reached skill level 5 in Shields
  4876 | D:7      | Reached skill level 7 in Unarmed Combat
  5048 | D:8      | Noticed Soeti's ghost (novice DsFi)
  5063 | D:8      | HP: 4/89 [Soeti's ghost (13)]
  5064 | D:8      | Mangled by a wyvern

Vault maps used:
D:1:      scummos_arrival_star, minmay_liquid_box
D:2:      ecumenical_altar_2, grunt_dithmenos_smoke_and_mirrors
D:3:      grunt_qazlal_clouds
D:4:      kennysheep_slugbush, first_bread
D:5:      serial_shops, nicolae_shop_window_shopping, basic_altar,
          hangedman_decor_points, serial_bayou_pond_c, uniq_blork_the_orc,
          uniq_prince_ribbit1, uniq_menkaure, uniq_sigmund
D:6:      serial_shops, nicolae_shop_temple_entry_statues_fountains,
          uniq_crazy_yiuf_cottage
D:8:      minmay_lair_entry_grove, fedhas_bush_and_centaur_altar

Skill      XL: |  1  2  3  4  5  6  7  8  9 |
---------------+----------------------------+-----
Shields        | 1 2 3 4 5 |  5.0
Fighting       | 3 4 5 |  5.7
Unarmed Combat | 4 5 6 7 |  7.0
Dodging        | 3 4 5 |  5.2
Invocations    | 1 2 4 |  4.6
Stealth        | |  1.1

Action                   |  1- 3 |  4- 6 |  7- 9 || total
-------------------------+-------+-------+-------++-------
Melee: Unarmed           |    99 |   122 |   283 ||   504
Invok: Upheaval          |       |     2 |       ||     2
  Use: Scroll            |       |     6 |     4 ||    10
 Stab: Sleeping          |     2 |       |       ||     2
  Eat: Chunk             |    12 |    15 |    24 ||    51
       Pizza             |       |       |     1 ||     1
Armor: Robe              |    34 |    15 |    66 ||   115
Dodge: Dodged            |    27 |    17 |    48 ||    92
Block: Large shield      |    61 |    92 |   296 ||   449
